 Dungeon Crawl Stone Soup version 0.29.0-11-gd7f09526c8 (webtiles) character file.

Game seed: 17920813044765031883

122 Armakuni the Sneak (level 5, -11/60 (61) HPs)
             Began as a Human Delver on Sept 6, 2022.
             Killed from afar by Ijyb (13 damage)
             ... with a puff of flame
             ... on level 3 of the Dungeon.
             The game lasted 00:06:09 (3626 turns).

Armakuni the Sneak (Human Delver)                   Turns: 3626, Time: 00:06:10

HP:   -11/60 (61)   AC:  4    Str: 13    XL:     5   Next: 27%
MP:   5/5           EV: 12    Int:  9    God:
Gold: 173           SH:  0    Dex: 25    Spells: 4/4 levels left

rFire   . . .      SeeInvis +   a - +2 whip (freeze)
rCold   . . .      Faith    .   (no shield)
rNeg    . . .      Spirit   .   j - +1 leather armour "Iruteis" {+Inv}
rPois   .          Reflect  .   (no helmet)
rElec   .          Harm     .   (no cloak)
rCorr   .          Rampage  .   (no gloves)
Will    .....                   (no boots)
Stlth   ..........              (no amulet)
HPRegen 0.20/turn               D - ring of Siploseicu {Dex+6 SInv}
MPRegen 0.09/turn               (no ring)

@: berserking, lightly drained, very quick
A: agile 1, screaming 1
a: Evoke Invisibility


You were on level 3 of the Dungeon.
You visited 1 branch of the dungeon, and saw 6 of its levels.

You collected 173 gold pieces.

Inventory:

Hand Weapons
 a - a +2 whip of freezing (weapon)
Missiles
 l - 2 poisoned darts (quivered)
Armour
 j - the +1 leather armour "Iruteis" (worn) {+Inv}
   (You found it on level 3 of the Dungeon)

   +Inv:      It lets you turn invisible.
Jewellery
 D - the ring of Siploseicu (left hand) {Dex+6 SInv}
   (You found it on level 2 of the Dungeon)

   [ring of see invisible]

   Dex:       It affects your dexterity (+6).
   SInv:      It lets you see invisible.
Wands
 f - a wand of polymorph (1)
 k - a wand of digging (7)
 m - a wand of mindburst (13)
Scrolls
 c - a scroll of fog
 d - 2 scrolls of magic mapping
 e - a scroll of fear
 i - 2 scrolls of immolation


   Skills:
 - Level 3.0 Fighting
 + Level 4.2 Maces & Flails
 - Level 2.0 Dodging
 - Level 5.0 Stealth
 + Level 2.4 Evocations


You had 4 spell levels left.
You didn't know any spells.
Your spell library contained the following spells:

 Spells                   Type           Power      Damage    Failure   Level
 Tukima's Dance           Hex            0%         N/A       83%         3
 Passage of Golubria      Tloc           0%         N/A       99%         4
 Yara's Violent Unravell  Hex/Tmut       0%         3d3       100%        5


Dungeon Overview and Level Annotations

Branches:
Dungeon (6/15)
 Temple: D:4-7

Altars:
Ru

Annotations:
D:3 Ijyb, Terence


Innate Abilities, Weirdness & Mutations

You are agile. (Dex +4, Str/Int -1)
You occasionally shout uncontrollably at your foes.


Message History

Ijyb hits you but does no damage.
You completely miss Ijyb.
Ijyb is lightly wounded.
Ijyb closely misses you.
You closely miss Ijyb.
Ijyb is lightly wounded.
Ijyb hits you with a +0 club.
You hit Ijyb. You freeze Ijyb.
Ijyb is moderately wounded.
You hit Ijyb. You freeze Ijyb.
Ijyb is heavily wounded.
Ijyb hits you with a +0 club.
You hit Ijyb but do no damage.
Ijyb is heavily wounded.
Ijyb zaps a wand.
The puff of flame hits you!
* * * LOW HITPOINT WARNING * * *
You closely miss Ijyb.
Ijyb is heavily wounded.
Ijyb hits you with a +0 club.
* * * LOW HITPOINT WARNING * * *
You closely miss Ijyb.
Ijyb is heavily wounded.
Ijyb zaps a wand.
The puff of flame hits you.
* * * LOW HITPOINT WARNING * * *
You closely miss Ijyb.
Ijyb is heavily wounded.
Ijyb barely misses you.
It was a potion of berserk rage.
A red film seems to cover your vision as you go berserk!
You feel yourself moving faster!
You feel mighty! Ijyb closely misses you.
You hit Ijyb but do no damage.
Ijyb is moderately wounded.
You hit Ijyb. You freeze Ijyb.
Ijyb is severely wounded.
Ijyb hits you with a +0 club.
* * * LOW HITPOINT WARNING * * *
You barely miss Ijyb.
Ijyb is severely wounded.
Ijyb zaps a wand.
The puff of flame hits you!
You die...

..#
#..........
#.#
#.#########
#.# #.# #.#
#b# #.# #b#
#.# #.#
####b###.#
#.b.bb...#
#@#.######
### #g#+#
... #.S
#... #....
# ...... #
....... #.
........
.#. ...


You could see Ijyb and a ball python.

Vanquished Creatures
  Jessica (D:3)
  4 adders
  3 worms
  2 endoplasms
  5 giant cockroaches
  6 hobgoblins
  6 kobolds
  2 quokkas (D:3)
  4 ball pythons
  3 bats (D:1)
  5 frilled lizards
  5 goblins
  8 rats
54 creatures vanquished.

Notes
Turn   | Place    | Note
-------+----------+-------------------------------------------
     0 | D:5      | Armakuni the Human Delver began the quest for the Orb.
     0 | D:5      | Reached XP level 1. HP: 18/18 MP: 1/1
     4 | D:6      | Noticed a hound
     4 | D:6      | Noticed a necrophage
   118 | D:4      | Reached XP level 2. HP: 3/24 MP: 2/2
   471 | D:3      | Noticed a phantom
   476 | D:3      | Identified the +1 leather armour "Iruteis" {+Inv}
   549 | D:2      | Identified the ring of Siploseicu {Dex+6 SInv}
   710 | D:1      | Reached XP level 3. HP: 28/29 MP: 3/3
   761 | D:1      | Found a faded altar of an unknown god.
   762 | D:1      | Noticed an eye of devastation
   764 | D:1      | Noticed a great orb of eyes
   764 | D:1      | Noticed a floating eye
   764 | D:1      | Noticed a great orb of eyes
   931 | D:1      | Reached skill level 1 in Evocations
  1431 | D:2      | Reached XP level 4. HP: 35/35 MP: 4/4
  2312 | D:3      | Gained mutation: You occasionally shout uncontrollably at
                  | your foes. [potion of mutation]
  2312 | D:3      | Gained mutation: You are agile. (Dex +4, Str/Int -1)
                  | [potion of mutation]
  2313 | D:3      | Noticed Terence
  3106 | D:3      | Found a sacrificial altar of Ru.
  3257 | D:3      | Noticed Jessica
  3271 | D:3      | Killed Jessica
  3272 | D:3      | Reached XP level 5. HP: 8/40 MP: 5/5
  3610 | D:3      | Noticed Ijyb
  3625 | D:3      | HP: 2/60 [Ijyb/+0 club (4)]
  3626 | D:3      | Killed from afar by Ijyb

Illustrated notes

Levels and vault maps discovered:
D:1:      grunt_arrival_crossed_arrows, layout_loops_ring,
          hellmonk_ecumenical_altar_watching_god
D:2:      layout_loops_ring, item_on_display_a
D:3:      layout_basic, mainiacjoe_overflow_boulevard, uniq_ijyb, uniq_terence,
          uniq_jessica
D:4:      layout_cave_pools, grunt_ministairs_4, kennysheep_opposing_triangles
D:5:      layout_basic, elyvilon_altar_4, general_overflow_altar,
          nicolae_overflow_two_pavilions, serial_shops, nicolae_diamond_shop,
          hangedman_decor_points
D:6:      lemuel_insect_pit, layout_loops_ring, vehumet_statue,
          nicolae_uskayaw_dance_hall, st_stairs_1,
          minmay_fractal_squares_gapless_5

Skill      XL: |  1  2  3  4 |
---------------+-------------+-----
Maces & Flails | 3 4 |  4.2
Evocations     | 1 2 |  2.4
Fighting       | |  3.0
Dodging        | |  2.0
Stealth        | |  5.0

Action                   |  1- 3 |  4- 6 || total
-------------------------+-------+-------++-------
Melee: Mace              |    18 |       ||    18
       Whip              |    56 |    97 ||   153
       Unarmed           |       |     7 ||     7
       Punch             |       |     3 ||     3
Throw: Stone             |     4 |       ||     4
 Abil: Evoke Invisibilit |       |     1 ||     1
Evoke: Wand              |     1 |       ||     1
  Use: Scroll            |     4 |     6 ||    10
       Potion            |       |     4 ||     4
 Stab: Sleeping          |    12 |     5 ||    17
       Distracted        |       |     1 ||     1
       Invisible         |       |     1 ||     1
Armor: Leather armour    |    24 |    17 ||    41
       Skin              |       |     1 ||     1
Dodge: Dodged            |    30 |    40 ||    70
